 Dungeon Crawl Stone Soup version 0.26.1 (webtiles) character file.

Game seed: 2451712311907534275

32 Descartes the Sneak (level 3, -3/32 HPs)
             Began as a Naga Warper on Feb 6, 2021.
             Slain by a worm (7 damage)
             ... on level 2 of the Dungeon.
             The game lasted 00:03:44 (1719 turns).

Descartes the Sneak (Naga Warper)                   Turns: 1719, Time: 00:03:45

Health: -3/32      AC:  6    Str: 13    XL:     3   Next: 27%
Magic:  6/6        EV:  7    Int: 14    God:
Gold:   40         SH:  0    Dex: 10    Spells: 6/6 levels left

rFire    . . .     SeeInvis +   a - +0 falchion
rCold    . . .     Faith    .   (no shield)
rNeg     . . .     Spirit   .   b - +0 leather armour
rPois    +         Reflect  .   (no helmet)
rElec    .         Harm     .   (no cloak)
rCorr    .         Rampage  .   (no gloves)
Will     .....                  h - +0 barding
Stlth    ++........             (no amulet)
HPRegen  0.10/turn              (no ring)
MPRegen  0.10/turn              (no ring)

@: very slow
A: large, see invisible, deformed body, poison resistance, slowness 2, spit
poison 1, AC +1
a: Spit Poison


You were on level 2 of the Dungeon.
You visited 1 branch of the dungeon, and saw 2 of its levels.

You collected 40 gold pieces.

Inventory:

Hand Weapons
 a - a +0 falchion (weapon)
Missiles
 e - 5 boomerangs of dispersal (quivered)
 f - 24 bolts
 g - 21 stones
 m - 22 sling bullets
Armour
 b - a +0 leather armour (worn)
 h - a +0 barding (worn)
Scrolls
 c - a scroll of amnesia {unknown}
 d - a scroll of blinking
 l - a scroll of fear {unknown}
 n - a scroll of remove curse {unknown}
Potions
 i - a potion of curing {unknown}
 j - 2 potions of ambrosia {unknown}
 k - a potion of heal wounds {unknown}


   Skills:
 - Level 2.0 Fighting
 - Level 2.0 Long Blades
 - Level 0.8 Throwing
 - Level 0.7 Armour
 - Level 1.5 Dodging
 + Level 4.6 Stealth
 - Level 2.0 Spellcasting
 - Level 3.0 Translocations


You had 6 spell levels left.
You didn't know any spells.
Your spell library contained the following spells:

 Spells                   Type           Power        Failure   Level
 Blink                    Tloc           N/A          13%         2
 Gell's Gravitas          Tloc           4%           26%         3
 Lesser Beckoning         Tloc           4%           26%         3
 Teleport Other           Tloc           9%           26%         3
 Passage of Golubria      Tloc           N/A          65%         4


Dungeon Overview and Level Annotations

Branches:
Dungeon (2/15)

Altars:


Innate Abilities, Weirdness & Mutations

You cannot wear boots.
Your serpentine skin is tough. (AC +1)
You have supernaturally acute eyesight. (SInv)
Armour fits poorly on your strangely shaped body.
Your system is resistant to poisons. (rPois)
You cover ground very slowly.
You can spit poison.


Message History

You are too injured to fight recklessly!
You barely miss the worm. You barely miss the worm. The worm bites you.
You hit the worm.
The worm is moderately wounded.
The worm bites you!
* * * LOW HITPOINT WARNING * * *
You barely miss the worm.
The worm is moderately wounded.
You barely miss the worm.
The worm is moderately wounded.
The worm bites you.
* * * LOW HITPOINT WARNING * * *
You hit the worm.
The worm is heavily wounded.
The worm completely misses you.
You hit the worm but do no damage.
The worm is heavily wounded.
The worm bites you!
You die...

........... .........# .
...... .......### .
..... ..#.##.# .#....
..#.# .. #..<. ..#.# ##
#... ..#.# ##..####
.##.# # #.w)...#.# ....#
##. #.@....... .####
#...##....#.#.# .#######
#.............#
..<....###...##.#......#
.รท.........# #.####.###
####...### #..<...# ...#
######## .## ##


You could see a worm.

Vanquished Creatures
  A dart slug (D:1)
  A leopard gecko (D:2)
  A ball python (D:1)
  3 bats
  3 giant cockroaches (D:1)
  3 hobgoblins
  3 frilled lizards (D:1)
  4 goblins
  4 kobolds
  3 rats
26 creatures vanquished.

Notes
Turn   | Place    | Note
-------+----------+-------------------------------------------
     0 | D:1      | Descartes the Naga Warper began the quest for the Orb.
     0 | D:1      | Reached XP level 1. HP: 19/19 MP: 3/3
    24 | D:1      | Reached skill level 1 in Stealth
   346 | D:1      | Reached skill level 2 in Stealth
   357 | D:1      | Reached XP level 2. HP: 23/26 MP: 5/5
   693 | D:1      | Reached skill level 3 in Stealth
   999 | D:1      | Reached skill level 4 in Stealth
  1176 | D:1      | Reached XP level 3. HP: 31/32 MP: 6/6
  1719 | D:2      | Slain by a worm

Illustrated notes

Levels and vault maps discovered:
D:1:      scummos_arrival_forest, layout_loops_ring, minmay_heptomino_w4
D:2:      layout_loops_cross, kennysheep_path_1, uniq_jessica

Skill      XL: |  1  2 |
---------------+-------+-----
Stealth        | 2 4 |  4.6
Fighting       | |  2.0
Long Blades    | |  2.0
Throwing       | |  0.8
Armour         | |  0.7
Dodging        | |  1.5
Spellcasting   | |  2.0
Translocations | |  3.0

Action                   || total
-------------------------++-------
Melee: Falchion          ||   135
 Stab: Distracted        ||     1
       Sleeping          ||     1
Armor: Leather armour    ||    68
Dodge: Dodged            ||    62
       Rpst.: Falchion   ||    21
